 Dungeon Sprint DCSS version 0.31-a0-18-gea43df2a32 (webtiles) character file.

Game seed: 859266355066805036

51732 sircluck the Heavyweight Champion (level 14, -6/159 HPs)
             Began as a Troll Berserker on May 11, 2023.
             Was the Champion of Trog.
             Mangled by a merfolk impaler
             ... wielding a +3 trident of freezing
              (13 damage)
             ... in the Dungeon (Sprint VII: "The Pits").
             The game lasted 00:27:13 (3978 turns).

sircluck the Heavyweight Champion (Troll Berserker) Turns: 3978, Time: 00:27:13

Health: -6/159     AC: 24    Str: 39    XL:     14   Next: 24%
Magic:  23/23      EV:  3    Int: 11    God:    Trog [******]
Gold:   49         SH:  0    Dex:  6    Spells: 13/13 levels left

rFire   + +          .
                       - Unarmed
rCold   . . .        c - +1 tower shield
rNeg    . . .        D - +1 gold dragon scales
rPois   +            C - +3 hat of Pondering {ponderous, Will+ MP+10 Int+5}
rElec   +            t - +1 cloak
rCorr   .            (gloves unavailable)
SInv    .            (boots unavailable)
Will    ++...        (no amulet) Stlth
                     A - ring of Ucohan {Fire rElec Str+4 Int+3 Dex-3}
HPRegen 1.26/turn    l - +3 ring of strength
MPRegen 0.18/turn

%: no teleportation
@: held, slow
A: large, unfitting armour, claws 3, regeneration 1, shaggy fur 1, tough skin 1
a: Renounce Religion, Berserk, Trog's Hand, Brothers in Arms


You were in the Dungeon.
You worshipped Trog.
Trog was exalted by your worship.
You visited 1 branch You collected 49 gold pieces.

Inventory:

Missiles
 i - 12 stones (quivered)
 y - 3 boomerangs
Armour
 a - a +0 animal skin
 c - a +1 tower shield (worn)
 g - a +1 robe
 o - +4 ice dragon scales
 t - a +1 cloak (worn)
 B - a +2 robe of the Archmagi
 C - the +3 hat of Pondering (worn) {ponderous, Will+ MP+10 Int+5}
   (You found it in the Dungeon)

   Int:       It affects your intelligence (+5).
   MP:        It affects your magic capacity (+10).
   Will:      It increases your willpower.
 D - +1 gold dragon scales (worn)
Jewellery
 k - a +3 ring of dexterity
 l - a +3 ring of strength (right claw)
 q - a ring of flight
 w - a ring of protection from fire
 z - an amulet of faith
 A - the ring of Ucohan (left claw) {Fire rElec Str+4 Int+3 Dex-3}
   (You found it in the Dungeon)

   [ring of fire]

   It enhances your fire magic.
   Str:       It affects your strength (+4).
   Int:       It affects your intelligence (+3).
   Dex:       It affects your dexterity (-3).
   rF:        It protects you from fire.
   rC:        It makes you vulnerable to cold.
   rElec:     It insulates you from electricity.
Wands
 p - a wand of paralysis (5)
 u - a wand of iceblast (14)
 x - a wand of flame (4)
Scrolls
 n - 4 scrolls of identify
 r - 2 scrolls of enchant armour
 s - 2 scrolls of enchant weapon
 v - a scroll of magic mapping
Potions
 b - 9 potions of curing
 d - a potion of haste
 e - 4 potions of magic
 f - 3 potions of berserk rage
 h - 2 potions of invisibility
 j - a potion of might
 m - 3 potions of resistance


   Skills:
 + Level 15.1 Fighting
 + Level 1.3 Throwing
 + Level 8.1 Armour
 + Level 16.1 Dodging
 + Level 5.7 Stealth
 + Level 6.3 Shields
 O Level 27 Unarmed Combat
 + Level 2.4 Evocations


You had 13 spell levels left.
You didn't know any spells.
Your spell library was empty.

Dungeon Overview and Level Annotations

Branches:
Dungeon (1/1)

Altars:
Ashenzari
Cheibriados
Dithmenos
Elyvilon
Fedhas
Gozag
Hepliaklqana
Kikubaaqudgha
Makhleb
Nemelex Xobeh
Okawaru
Qazlal
Ru
Sif Muna
Trog
Uskayaw
Vehumet
Wu Jian
Xom
Yredelemnul
Zin
The Shining One
Jiyva
Lugonu


Innate Abilities, Weirdness & Mutations

You are too large for most types of armour.
You have claws for hands.
Your natural rate of healing is unusually fast.
You are covered in fur. (AC +1)
You have tough skin. (AC +1)


Message History

Unknown command.
You are too injured to fight recklessly!
Unknown command.
You eviscerate the deep elf high priest!!!!
You kill the deep elf high priest!
Trog accepts your kill.
The merfolk hits you but does no damage.
The merfolk impaler hits you with a +3 trident of freezing.
The merfolk impaler freezes you.
Your Armour skill increases to level 8!
You closely miss the merfolk impaler.
The merfolk impaler is almost dead.
The merfolk hits you from afar with a +0 glaive!!
The wind drake flaps its wings at you. The air twists around and strikes you.
The merfolk hits you but does no damage.
You block the merfolk impaler's attack.
You miss the merfolk impaler.
The merfolk impaler is severely wounded.
The merfolk throws a throwing net.
The throwing net hits you.
You become entangled in the net!
The merfolk impaler hits you but does no damage.
The merfolk hits you from afar with a +0 glaive.
Unknown command.
You tear a large gash into the net.
The merfolk hits you from afar with a +0 halberd!
* * * LOW HITPOINT WARNING * * *
The merfolk hits you from afar with a +0 spear.
* * * LOW HITPOINT WARNING * * *
The merfolk impaler hits you but does no damage.
The merfolk hits you from afar with a +0 glaive!!
* * * LOW HITPOINT WARNING * * *
You feel better.
The merfolk impaler hits you but does no damage.
The merfolk hits you from afar with a +0 halberd!!
* * * LOW HITPOINT WARNING * * *
The merfolk hits you from afar with a +0 spear!
* * * LOW HITPOINT WARNING * * *
The merfolk impaler hits you with a +3 trident of freezing!
You die...

#.........#..#
#.....#......#..#
#.....#..f...#..#
#..#..###..###..# z..
#........÷)..# eV
###....)).).k# .
#.......).mmm#
#..###..###))######++#####
....#..... #m@##..........#
... #..... #..##).........# .#
........#..''..#....#..#
...z.....#..')..........#
####### #####))........#
###################.÷#....#..#
................)''..........#
.................''..........#
###############..##..#....#).#


You could see a merfolk impaler, a wind drake (repels missiles), 3 merfolk and a
wandering mushroom.

Vanquished Creatures
  A bone dragon (D)
  A titan (D)
  A deep elf master archer (D)
  A draconian shifter (D)
  2 orc warlords (D)
  3 vampire knights (D)
  A green death (D)
  A mummy priest (D)
  A deep elf high priest (D)
  A fire dragon (D)
  2 yaktaur captains (D)
  A great orb of eyes (D)
  Erolcha (D)
  A catoblepas (D)
  A hell beast (D)
  A death yak (D)
  2 death knights (D)
  2 naga warriors (D)
  A vampire mage (D)
  A naga sharpshooter (D)
  A spriggan berserker (D)
  3 deep elf knights (D)
  A salamander mystic (D)
  A sixfirhy (D)
  A shadow wraith (D)
  A spriggan druid (D)
  3 phantasmal warriors (D)
  2 necromancers (D)
  A deep elf pyromancer (D)
  12 orc knights (D)
  An ugly thing (D)
  2 wolf spiders (D)
  A naga mage (D)
  3 elephants (D)
  2 black mambas (D)
  An unseen horror (D)
  A smoke demon (D)
  Psyche (D)
  3 kobold demonologists (D)
  3 yaktaurs (D)
  An ice devil (D)
  A guardian mummy (D)
  A red devil (D)
  A merfolk (D)
  2 tyrant leeches (D)
  A troll (D)
  A hornet (D)
  A meliai (shapeshifter) (D)
  An air elemental (D)
  A vampire (D)
  2 water elementals (D)
  A jumping spider (D)
  2 wyverns (D)
  A fire bat (D)
  A steam dragon (D)
  3 redbacks (D)
  A wandering mushroom (D)
  2 basilisks (D)
  A warg (D)
  3 nagas (D)
  A floating eye (D)
  An acid dragon (D)
  A water moccasin (D)
  An orc warrior (D)
  A swamp drake (D)
  A sky beast (D)
  A wolf (D)
  An ogre (D)
  A phantom (D)
  A kobold brigand (D)
  A necrophage (D)
  A gnoll sergeant (D)
  A scorpion (D)
  A jelly (D)
  An iron imp (D)
  An orc wizard (D)
  A mummy (D)
  5 gnolls (D)
  A river rat (D)
  3 ufetubi (D)
  An adder zombie (D)
  An adder skeleton (D)
  4 orcs (D)
  5 ball pythons (D)
  A bat zombie (D)
  An endoplasm (D)
  A hobgoblin (D)
  A ball python simulacrum (D)
  2 ball python zombies (D)
  A bat simulacrum (D)
  A giant cockroach simulacrum (D)
  A jackal zombie (D)
  4 kobolds (D)
  A quokka simulacrum (D)
  A quokka skeleton (D)
  2 quokka zombies (D)
152 creatures vanquished.

Vanquished Creatures (collateral kills)
  Arachne (D)
  2 nagarajas (D)
  A fire dragon (D)
  An alligator snapping turtle (D)
  A merfolk avatar (D)
  A shadow wraith (D)
  A deep troll (D)
  A bog body (D)
  A cyclops (D)
  A guardian serpent (D)
  An elephant (D)
  A molten gargoyle (D)
  An efreet (D)
  An unseen horror (D)
  2 rime drakes (D)
  A wind drake (D)
  A small abomination (D)
  A redback (D)
  A naga (D)
  A black bear (D)
  A kobold brigand (D)
  A gnoll sergeant (D)
  4 gnolls (D)
  A hobgoblin (D)
  A quokka skeleton (D)
30 creatures vanquished.

Vanquished Creatures (others)
  A chaos spawn (D)
  A bat zombie (D)
2 creatures vanquished.

Grand Total: 184 creatures vanquished

Notes
Turn   | Place    | Note
-------+----------+-------------------------------------------
     0 | D        | sircluck the Troll Berserker began the quest for the Orb.
     0 | D        | Reached XP level 1. HP: 22/22 MP: 0/0
    60 | D        | Found a bloodstained altar of Trog.
    60 | D        | Found a shimmering blue altar of Sif Muna.
    60 | D        | Found a viscous altar of Jiyva.
    60 | D        | Found a hazy altar of Hepliaklqana.
    60 | D        | Found an opulent altar of Gozag.
    62 | D        | Found a glowing golden altar of the Shining One.
    62 | D        | Found a glowing silver altar of Zin.
    62 | D        | Found a basalt altar of Yredelemnul.
    62 | D        | Found a shimmering altar of Xom.
    62 | D        | Found an ornate altar of the Wu Jian Council.
    62 | D        | Found a sacrificial altar of Ru.
    62 | D        | Found a stormy altar of Qazlal.
    62 | D        | Found an iron altar of Okawaru.
    62 | D        | Found a sparkling altar of Nemelex Xobeh.
    62 | D        | Found a burning altar of Makhleb.
    62 | D        | Found a blossoming altar of Fedhas.
    62 | D        | Found a white marble altar of Elyvilon.
    62 | D        | Found a shadowy altar of Dithmenos.
    62 | D        | Found a snail-covered altar of Cheibriados.
    64 | D        | Found a radiant altar of Vehumet.
    64 | D        | Found a corrupted altar of Lugonu.
    65 | D        | Found a hide-covered altar of Uskayaw.
    65 | D        | Found an ancient bone altar of Kikubaaqudgha.
    65 | D        | Found a broken altar of Ashenzari.
    95 | D        | Noticed a floating eye
    99 | D        | Killed a floating eye
   100 | D        | Reached skill level 5 in Fighting
   100 | D        | Reached skill level 6 in Unarmed Combat
   100 | D        | Reached XP level 2. HP: 35/35 MP: 1/1
   100 | D        | Reached XP level 3. HP: 42/42 MP: 2/2
   100 | D        | Reached XP level 4. HP: 50/50 MP: 3/3
   100 | D        | Reached ** piety under Trog
   108 | D        | Reached skill level 5 in Dodging
   122 | D        | Reached *** piety under Trog
   127 | D        | Reached XP level 5. HP: 41/57 MP: 4/4
   186 | D        | Noticed a sky beast
   204 | D        | Killed a sky beast
   204 | D        | Reached **** piety under Trog
   205 | D        | Reached skill level 8 in Unarmed Combat
   214 | D        | Noticed a warg
   214 | D        | Noticed a water moccasin
   224 | D        | Killed a water moccasin
   225 | D        | Reached XP level 6. HP: 55/68 MP: 5/5
   229 | D        | Reached skill level 9 in Unarmed Combat
   241 | D        | HP: 2/106 [warg (14)]
   244 | D        | Killed a warg
   244 | D        | Reached ***** piety under Trog
   245 | D        | Reached skill level 10 in Unarmed Combat
   245 | D        | Reached XP level 7. HP: 4/78 MP: 6/6
   340 | D        | Killed a shadow wraith
   341 | D        | Reached skill level 12 in Unarmed Combat
   341 | D        | Reached XP level 8. HP: 35/89 MP: 7/7
   392 | D        | Received a gift from Trog
   430 | D        | Noticed a black mamba
   436 | D        | Killed a black mamba
   437 | D        | Reached skill level 13 in Unarmed Combat
   559 | D        | Noticed a kobold demonologist
   567 | D        | Noticed an orange demon
   570 | D        | Killed a kobold demonologist
   571 | D        | Reached skill level 14 in Unarmed Combat
   571 | D        | Reached XP level 9. HP: 40/101 MP: 8/8
   572 | D        | Received a gift from Trog
   632 | D        | Noticed a guardian mummy
   632 | D        | Noticed a death yak
   637 | D        | Noticed a troll
   644 | D        | Killed a troll
   657 | D        | Killed a death yak
   658 | D        | Reached skill level 10 in Fighting
   658 | D        | Reached skill level 10 in Dodging
   658 | D        | Reached skill level 1 in Stealth
   658 | D        | Reached skill level 15 in Unarmed Combat
   661 | D        | Killed a guardian mummy
   713 | D        | Noticed a death knight
   713 | D        | Noticed a phantasmal warrior
   713 | D        | Noticed Psyche
   718 | D        | Killed a phantasmal warrior
   718 | D        | Reached ****** piety under Trog
   718 | D        | Received a gift from Trog
   719 | D        | Reached skill level 16 in Unarmed Combat
   733 | D        | Killed a death knight
   734 | D        | Reached XP level 10. HP: 111/111 MP: 9/9
   740 | D        | Killed Psyche
   741 | D        | Reached skill level 17 in Unarmed Combat
   825 | D        | Noticed Erolcha
   825 | D        | Noticed a phantasmal warrior
   834 | D        | Killed a phantasmal warrior
   879 | D        | Killed Erolcha
   880 | D        | Reached skill level 18 in Unarmed Combat
   900 | D        | Noticed a molten gargoyle
   900 | D        | Noticed a salamander mystic
   900 | D        | Noticed an elephant
   905 | D        | Killed a molten gargoyle
   906 | D        | Noticed a naga mage
   908 | D        | Killed an elephant
   910 | D        | Noticed a phantasmal warrior
   912 | D        | Received a gift from Trog
   914 | D        | Killed a salamander mystic
   915 | D        | Reached skill level 19 in Unarmed Combat
   918 | D        | Reached XP level 11. HP: 69/120 MP: 10/10
   920 | D        | Received a gift from Trog
   920 | D        | Killed a shadow wraith
   923 | D        | Killed a phantasmal warrior
   924 | D        | Reached skill level 20 in Unarmed Combat
  1015 | D        | Paralysed by a hornet for 3 turns
  1330 | D        | Received a gift from Trog
  1338 | D        | Reached skill level 1 in Throwing
  1369 | D        | Noticed a deep troll
  1369 | D        | Noticed a great orb of eyes
  1375 | D        | Paralysed by a great orb of eyes for 2 turns
  1383 | D        | Killed a great orb of eyes
  1412 | D        | Killed a deep troll
  1413 | D        | Reached skill level 21 in Unarmed Combat
  1415 | D        | Received a gift from Trog
  1452 | D        | Noticed a vampire knight
  1469 | D        | Killed a vampire knight
  1555 | D        | Noticed a soul eater
  1561 | D        | Received a gift from Trog
  1571 | D        | Noticed a bog body
  1587 | D        | Killed a bog body
  1800 | D        | Noticed Arachne
  1800 | D        | Noticed a fire dragon
  1806 | D        | Noticed a naga warrior
  1806 | D        | Noticed a merfolk avatar
  1813 | D        | Killed a fire dragon
  1813 | D        | Noticed an alligator snapping turtle
  1814 | D        | Reached skill level 22 in Unarmed Combat
  1814 | D        | Killed a merfolk avatar
  1815 | D        | Reached XP level 12. HP: 113/133 MP: 11/11
  1822 | D        | Killed an alligator snapping turtle
  1824 | D        | Noticed a nagaraja
  1828 | D        | Killed a nagaraja
  1831 | D        | Killed Arachne
  1835 | D        | Received a gift from Trog
  1848 | D        | Reached skill level 23 in Unarmed Combat
  1858 | D        | HP: 6/133 [constriction (5)]
  1860 | D        | Killed a naga warrior
  1864 | D        | Noticed a hell beast
  1916 | D        | Reached skill level 1 in Evocations
  1980 | D        | Killed a hell beast
  2011 | D        | Received a gift from Trog
  2271 | D        | Noticed a death knight
  2271 | D        | Noticed a titan
  2282 | D        | Killed a titan
  2288 | D        | Killed a death knight
  2288 | D        | Received a gift from Trog
  2289 | D        | Reached skill level 24 in Unarmed Combat
  2292 | D        | HP: 10/204 [necromancer/+0 dagger (6)]
  2300 | D        | Got the ring of Ucohan {Fire rElec Str+4 Int+3 Dex-3}
  2488 | D        | Noticed an orc warlord
  2488 | D        | Noticed an orc warlord
  2502 | D        | Killed an orc warlord
  2505 | D        | Killed an orc warlord
  2505 | D        | Received a gift from Trog
  2506 | D        | Reached XP level 13. HP: 83/144 MP: 12/12
  2558 | D        | Reached skill level 25 in Unarmed Combat
  2559 | D        | HP: 10/216 [orc knight/+0 great sword (24)]
  2676 | D        | Reached skill level 15 in Dodging
  2680 | D        | Identified the +6 short sword of Fanaticism {flame, rPois}
                  | (Trog gifted it to you in the Dungeon)
  2680 | D        | Received a gift from Trog
  2882 | D        | Received a gift from Trog
  2907 | D        | Reached skill level 26 in Unarmed Combat
  3029 | D        | Noticed a green death
  3033 | D        | Killed a green death
  3043 | D        | Received a gift from Trog
  3076 | D        | HP: 2/217 [something/shard of ice (32)]
  3345 | D        | Found the +3 hat of Pondering {ponderous, Will+ MP+10
                  | Int+5}
  3590 | D        | Identified the +11 war axe of Malaise {flame, Drain Will++
                  | SInv} (Trog gifted it to you in the Dungeon)
  3590 | D        | Received a gift from Trog
  3624 | D        | Noticed a fire dragon
  3625 | D        | Noticed a bone dragon
  3635 | D        | Reached skill level 1 in Armour
  3635 | D        | Reached skill level 27 in Unarmed Combat
  3674 | D        | Received a gift from Trog
  3683 | D        | Killed a bone dragon
  3686 | D        | Killed a fire dragon
  3707 | D        | Noticed a nagaraja
  3709 | D        | Noticed a vampire knight
  3710 | D        | Reached skill level 5 in Stealth
  3718 | D        | Killed a nagaraja
  3718 | D        | Received a gift from Trog
  3719 | D        | Reached skill level 5 in Armour
  3719 | D        | Paralysed by a vampire knight for 3 turns
  3724 | D        | Killed a vampire knight
  3725 | D        | Reached XP level 14. HP: 93/157 MP: 13/13
  3728 | D        | Noticed a purple draconian shifter
  3747 | D        | Killed a purple draconian shifter
  3747 | D        | Received a gift from Trog
  3855 | D        | Noticed a deep elf master archer
  3855 | D        | Noticed a death cob
  3855 | D        | Noticed a vampire knight
  3864 | D        | Received a gift from Trog
  3865 | D        | Reached skill level 5 in Shields
  3888 | D        | Killed a deep elf master archer
  3889 | D        | Reached skill level 15 in Fighting
  3891 | D        | Killed a vampire knight
  3978 | D        | HP: 7/159 [merfolk/+0 spear[a merfolk impaler] (10)]
  3978 | D        | Mangled by a merfolk impaler

Illustrated notes

Levels and vault maps discovered:
D:        pitsprint [storerooms_1, entrance_room_1, metal_vault_1, armoury_1,
          mini_pit_1, grid_room_1, main_hall_1, silver_pit, the_coven_3,
          the_vestibule_1, steel_vault_5, golden_pit, hallway_of_sentries,
          crystal_vault_5, iron_vault_1, final_vault]

Skill      XL: |  1  2  3  4  5  6  7  8  9 10 11 12 13 14 |
---------------+-------------------------------------------+-----
Fighting       | 5 6 7 8 9 10 11 12 13 14 15 | 15.1
Dodging        | 4 5 6 7 8 9 10 11 12 14 16 | 16.1
Unarmed Combat | 6 8 10 12 14 16 19 22 24 27 | 27.0
Stealth        | 1 2 3 4 5 |  5.7
Throwing       | 1 |  1.3
Evocations     | 1 2 |  2.4
Armour         | 5 8 |  8.1
Shields        | 3 6 |  6.3

Action                     |  1- 3 |  4- 6 |  7- 9 | 10-12 | 13-15 || total
---------------------------+-------+-------+-------+-------+-------++-------
  Melee: Unarmed           |     4 |    39 |    79 |   167 |   165 ||   454
         Punch             |       |     1 |     6 |    14 |     6 ||    27
  Throw: Stone             |       |       |       |     1 |       ||     1
 Invoke: Berserk           |       |     1 |     4 |     3 |     2 ||    10
         Brothers in Arms  |       |       |       |    14 |     3 ||    17
  Evoke: Wand              |       |       |       |     1 |     2 ||     3
    Use: Potion            |       |       |     2 |    12 |     3 ||    17
         Scroll            |       |       |     1 |     3 |     3 ||     7
   Stab: Distracted        |       |       |       |       |     1 ||     1
         Petrified         |       |       |       |       |     1 ||     1
 Armour: Animal skin       |     3 |     9 |     7 |    14 |       ||    33
         Robe              |       |       |       |    16 |    11 ||    27
         Gold dragon scale |       |       |       |       |    64 ||    64
  Dodge: Dodged            |     5 |    20 |    38 |   104 |    40 ||   207
  Block: Tower shield      |       |       |       |       |    49 ||    49

Table legend: (Time is in decaauts)
 A = Elapsed time spent in this place.
 B = Non-inter-level travel time spent in this place.
 C = Inter-level travel time spent in this place.
 D = Time resting spent in this place.
 E = Time spent auto-exploring this place.
 F = Levels seen in this place.
 G = Mean time per level.
                   A        B        C        D        E       F      G
               +--------+--------+--------+--------+--------+-----+--------+
         Total |   3969 |   3527 |    442 |   1209 |    385 |   1 | 3969.0 |
       Dungeon |   3969 |   3527 |    442 |   1209 |    385 |   1 | 3969.0 |
               +--------+--------+--------+--------+--------+-----+--------+

Top non-repeatable levels by time:
       D: 3969 daAuts
